 Dungeon Crawl Stone Soup version 0.29.0-5-ge4962eb29e (webtiles) character file.

Game seed: 14849196644761671668

128 gelatine the Grave Robber (level 4, -2/30 HPs)
             Began as a Demonspawn Necromancer on Aug 28, 2022.
             Slain by an orc
             ... wielding a +0 hand axe
              (6 damage)
             ... on level 3 of the Dungeon.
             The game lasted 00:06:32 (2451 turns).

gelatine the Grave Robber (Demonspawn Necromancer)  Turns: 2451, Time: 00:06:32

Health: -2/30      AC:  2    Str:  9    XL:     4   Next: 86%
Magic:  0/8        EV: 12    Int: 18    God:
Gold:   124        SH:  0    Dex: 13    Spells: 4/9 levels left

rFire   . . .      SeeInvis .   l - +0 short sword (protect)
rCold   . . .      Faith    .   (no shield)
rNeg    . . .      Spirit   .   a - +0 robe
rPois   .          Reflect  .   (no helmet)
rElec   .          Harm     .   (no cloak)
rCorr   .          Rampage  .   (no gloves)
Will    .....                   (no boots)
Stlth   ++........              (no amulet)
HPRegen 0.10/turn               (no ring)
MPRegen 0.11/turn               (no ring)

@: no status effects
A: icemail 1, condensation shield
a: no special abilities


You were on level 3 of the Dungeon.
You visited 1 branch of the dungeon, and saw 3 of its levels.

You collected 124 gold pieces.

Inventory:

Hand Weapons
 c - a +0 dagger
 f - a +0 club
 j - a +0 short sword
 l - a +0 short sword of protection (weapon)
Armour
 a - a +0 robe (worn)
 g - a +0 buckler
Scrolls
 e - a scroll of immolation {unknown}
 h - a scroll of enchant weapon {unknown}
 i - a scroll of identify {unknown}
 k - 2 scrolls of teleportation {unknown}
 m - a scroll of fear {unknown}
 o - 5 scrolls of summoning {unknown}
Potions
 b - a potion of magic
 d - a potion of attraction {unknown}
 n - a potion of might {unknown}
 p - a potion of ambrosia {unknown}
 q - a potion of resistance {unknown}
 r - a potion of curing {unknown}
 s - 2 potions of invisibility {unknown}


   Skills:
 + Level 0.1 Maces & Flails
 + Level 2.0 Dodging
 + Level 1.9 Stealth
 + Level 0.3 Shields
 + Level 0.8 Unarmed Combat
 + Level 3.1 Spellcasting
 + Level 0.1 Conjurations
 + Level 5.6 Necromancy


You had 4 spell levels left.
You knew the following spells:

 Your Spells              Type           Power      Damage    Failure   Level
a - Necrotise             Necr           92%        1d8       1%          1
b - Vampiric Draining     Necr           23%        2d7       4%          3
c - Foxfire               Conj/Fire      12%        2x1d4     16%         1

Your spell library contained the following spells:

 Spells                   Type           Power      Damage    Failure   Level
 Apportation              Tloc           4%         N/A       16%         1
 Summon Small Mammal      Summ           8%         N/A       16%         1
 Animate Dead             Necr           23%        N/A       16%         4
 Conjure Flame            Conj/Fire      3%         6-21      43%         3
 Inner Flame              Hex/Fire       2%         N/A       43%         3
 Flame Wave               Conj/Fire      3%         2d5       83%         4
 Agony                    Necr           23%        N/A       41%         5


Dungeon Overview and Level Annotations

Branches:
Dungeon (3/15)

Altars:
Okawaru


Innate Abilities, Weirdness & Mutations

A meltable icy envelope protects you from harm. (AC +0)
A meltable shield of frost defends you. (SH +0)


Message History

Something hits you but does no damage. The orc misses you.
You completely miss the orc.
The orc is severely wounded.
Something hits you.
* * * LOW HITPOINT WARNING * * *
The orc completely misses you.
You hit the orc but do no damage.
The orc is severely wounded.
Something hits you but does no damage. The orc hits you but does no damage.
You hit the orc.
You kill the orc!
Something hits you but does no damage.
You hit something. Something hits you but does no damage. Something hits you.
* * * LOW HITPOINT WARNING * * *
You barely miss something. Something hits you but does no damage.
An orc comes into view. It is wielding a +0 hand axe.
You miss something.
The orc shouts!
Something hits you.
* * * LOW HITPOINT WARNING * * *
You closely miss something. Something hits you but does no damage.
You barely miss something. Something hits you but does no damage.
You are too injured to fight recklessly!
Casting: Necrotise (safe; 1% risk of failure)
Confirm with . or Enter, or press ? or * to list all spells.
Aiming: Necrotise (safe; 1% risk of failure)
Press: ? - help, Shift-Dir - straight line, f - orc
Aim: an orc, wielding a +0 hand axe and wearing a +0 leather armour (chance to affect: 91%)
The orc writhes in agony.
Something hits you.
* * * LOW HITPOINT WARNING * * *
The orc closely misses you.
Casting: Necrotise (safe; 1% risk of failure)
Confirm with . or Enter, or press ? or * to list all spells.
Aiming: Necrotise (safe; 1% risk of failure)
Press: ? - help, Shift-Dir - straight line, f/p - orc
Aim: an orc, wielding a +0 hand axe and wearing a +0 leather armour (severely wounded, chance to affect: 91%)
The orc barely resists.
Something hits you.
* * * LOW HITPOINT WARNING * * *
The orc hits you with a +0 hand axe.
You die...

..# #..#..# #.# #.#
#.....# #.# #.#
#.###.# #.# #.# #.#
#.# #.# ## #.# #.#
#.###.##.# #.######.#
#.##....# #........#
#......# #.########
####.o## #.#
###########.@.## #.#
#.........).{).#
#.###.####.#####)##..#
...........# ...##.#
#.########## .....#...
### .......##.#
#.........#.
#.......##. ##.....##


You could see an orc.

Vanquished Creatures
  An orc priest (D:3)
  An iguana (D:3)
  An adder (D:3)
  2 worms (D:2)
  2 dart slugs (D:1)
  3 orcs (D:3)
  3 ball pythons
  3 endoplasms
  7 hobgoblins
  4 jackals
  5 quokkas
  3 bats
  2 frilled lizards (D:1)
  3 goblins
  4 kobolds
  3 rats
47 creatures vanquished.

Vanquished Creatures (collateral kills)
  A giant cockroach (D:1)
  A jackal (D:3)
  A bat (D:2)
3 creatures vanquished.

Vanquished Creatures (others)
  9 foxfires (D:3)
9 creatures vanquished.

Grand Total: 59 creatures vanquished

Notes
Turn   | Place    | Note
-------+----------+-------------------------------------------
     0 | D:1      | gelatine the Demonspawn Necromancer began the quest for the
                  | Orb.
     0 | D:1      | Reached XP level 1. HP: 13/13 MP: 3/3
   248 | D:1      | Gained mutation: A meltable shield of frost defends you.
                  | (SH +0) [demonic ancestry]
   248 | D:1      | Reached XP level 2. HP: 19/19 MP: 1/5
  1310 | D:2      | Reached XP level 3. HP: 24/24 MP: 4/6
  1448 | D:2      | Reached skill level 5 in Necromancy
  1903 | D:2      | Learned a level 3 spell: Vampiric Draining
  1905 | D:2      | Learned a level 1 spell: Foxfire
  1996 | D:3      | Found an iron altar of Okawaru.
  2080 | D:3      | Gained mutation: A meltable icy envelope protects you from
                  | harm. (AC +0) [demonic ancestry]
  2080 | D:3      | Reached XP level 4. HP: 18/30 MP: 3/7
  2451 | D:3      | Slain by an orc

Illustrated notes

Levels and vault maps discovered:
D:1:      nicolae_arrival_washed_ashore, layout_basic, serial_glass,
          glass_columns_a, glass_columns_c
D:2:      layout_rooms, minmay_misc_feat_enclosed
D:3:      layout_loops_ring, okawaru_ov_weapons_minmay

Skill      XL: |  1  2  3  4 |
---------------+-------------+-----
Necromancy     | 5 |  5.6
Dodging        | 2 |  2.0
Spellcasting   | 3 |  3.1
Maces & Flails | |  0.1
Stealth        | |  1.9
Shields        | |  0.3
Unarmed Combat | |  0.8
Conjurations   | |  0.1

Action                   |  1- 3 |  4- 6 || total
-------------------------+-------+-------++-------
Melee: Unarmed           |     8 |       ||     8
       Club              |    38 |       ||    38
       Punch             |     1 |       ||     1
       Short sword       |    11 |    13 ||    24
 Cast: Necrotise         |    60 |    17 ||    77
       Foxfire           |     4 |     1 ||     5
       Vampiric Draining |     1 |     4 ||     5
  Use: Potion            |     3 |       ||     3
Armor: Robe              |     8 |    12 ||    20
Dodge: Dodged            |    41 |     7 ||    48
Block: Other             |    10 |       ||    10
